 Dungeon Crawl Stone Soup version 0.26-a0-810-ge1a9524b62 (webtiles) character file.

Game seed: 13015667762955400166

2219 marklar909 the Digger (level 9, -3/71 HPs)
             Began as a Green Draconian Earth Elementalist on Nov 10, 2020.
             Slain by an orc warrior
             ... wielding a +0 war axe
              (10 damage)
             ... in a bailey on Nov 12, 2020.
             The game lasted 00:14:30 (8950 turns).

marklar909 the Digger (DrEE)                        Turns: 8950, Time: 00:14:30

Health: -3/71      AC:  8    Str: 14    XL:     9   Next: 13%
Magic:  2/17       EV: 33    Int: 16    God:
Gold:   441        SH:  0    Dex: 11    Spells: 6/19 levels left

rFire    . . .     SeeInvis .   a - +0 whip
rCold    . . .     Faith    .   (no shield)
rNeg     . . .     Spirit   .   (armour unavailable)
rPois    +         Reflect  .   (helmet restricted)
rElec    .         Harm     .   (no cloak)
rCorr    .         Rampage  .   (no gloves)
MR       .....                  w - +0 pair of boots
Stlth    ++........             h - amulet of the acrobat
HPRegen  0.21/turn              (no ring)
MPRegen  0.15/turn              u - +4 ring of evasion

@: acrobat
A: breathe noxious fumes, unfitting armour, poison resistance, cold-blooded, AC
+7
a: Breathe Noxious Fumes


You were in a bailey.
You visited 1 branch of the dungeon, and saw 7 of its levels.
You also visited: Bailey.

You collected 441 gold pieces.

Inventory:

Hand Weapons
 a - a +0 whip (weapon)
 o - a +0 flail
Missiles
 b - 56 stones (quivered)
Armour
 w - a +0 pair of boots (worn)
Jewellery
 h - an amulet of the acrobat (around neck)
 u - a +4 ring of evasion (right hand)
Scrolls
 c - 4 scrolls of identify
 d - a scroll of fog {unknown}
 e - a scroll of enchant armour {unknown}
 f - 3 scrolls of blinking
 k - a scroll of fear
 m - 3 scrolls of remove curse
 p - a scroll of random uselessness {unknown}
 v - 2 scrolls of teleportation {unknown}
 y - a scroll of immolation {unknown}
Potions
 g - a potion of lignification
 i - a potion of ambrosia
 j - 2 potions of haste
 l - 3 potions of curing
 n - a potion of invisibility
 q - a potion of degeneration {unknown}
 r - a potion of mutation {unknown}
 s - 2 potions of might {unknown}
 t - a potion of berserk rage {unknown}
 x - a potion of magic {unknown}


   Skills:
 * Level 4.2 Fighting
 * Level 4.1 Maces & Flails
 * Level 4.5 Dodging
 + Level 3.0 Stealth
 + Level 5.7 Spellcasting
 + Level 4.0 Conjurations
 * Level 1.6 Transmutations
 + Level 6.0 Earth Magic


You had 6 spell levels left.
You knew the following spells:

 Your Spells              Type           Power        Failure   Level
a - Sandblast             Erth           ###...       1%          1
b - Stone Arrow           Conj/Erth      ###...       5%          3
c - Petrify               Tmut/Erth      ###.....     28%         4
d - Lee's Rapid Deconstr  Erth           ###.......   32%         5

Your spell library contained the following spells:

 Spells                   Type           Power        Failure   Level
 Passwall                 Tmut/Erth      ###.....     4%          2


Dungeon Overview and Level Annotations

Branches:
Dungeon (7/15)             Bailey (1/1)
 Temple: D:4-7

Altars:
Ashenzari
Hepliaklqana
Kikubaaqudgha
Trog
Xom
The Shining One

Shops:
D:5 =

Annotations:
D:5 2 transporters, Spectrina's ghost, weakling DgDe


Innate Abilities, Weirdness & Mutations

You can breathe blasts of noxious fumes.
Your lurid green scales are hard. (AC +7)
You cannot fit into any form of body armour.
Your system is resistant to poisons. (rPois)
You are cold-blooded and may be slowed by cold attacks.


Message History

You tail-slap the orc warrior, but do no damage.
The orc warrior is lightly wounded.
The orc warrior completely misses you.
The orc warrior hits you with a +0 hand axe!
Unknown command.
The orc warrior barely misses you.
You see here 3 boomerangs.
You miss the orc warrior. You tail-slap the orc warrior.
The orc warrior is almost dead.
The orc warrior hits you with a +0 war axe!!
You closely miss the orc warrior.
The orc warrior is almost dead.
The orc warrior hits you with a +0 hand axe.
You barely miss the orc warrior.
The orc warrior is almost dead.
The orc warrior completely misses you.
The orc warrior hits you with a +0 hand axe!!
* * * LOW HITPOINT WARNING * * *
The orc warrior hits you with a +0 war axe!
You die...

♣♣♣♣♣ ♣♣♣♣♣♣♣.∩.♣♣♣♣♣♣♣
≈≈≈.........≈≈≈
≈≈≈....∩....≈≈≈
#####.........#####
##...##.......##(..##
#.....##.....##o@...##
...8...##'''##(o.8...##
..........(...).......##
...))..................#
8..8((...........8..8..#
...............)...(...#
.....####...####......##
....##≈≈#####≈≈##....##
#...#≈=!8...8?}≈#...##


You could see 2 orc warriors.

Vanquished Creatures
  A water moccasin (D:4)
  3 eyes of draining (D:5)
  2 phantoms (D:5)
  An ice beast (D:6)
  5 ogres
  2 centaurs
  A bullfrog (D:6)
  A water moccasin skeleton (D:5)
  2 scorpions
  A howler monkey (D:4)
  A bullfrog zombie (D:6)
  A jelly (D:5)
  2 orc priests
  3 hounds
  4 orc wizards
  2 bullfrog skeletons (D:6)
  A centaur skeleton (D:7)
  A worker ant (D:4)
  2 hound skeletons
  4 gnolls
  9 adders
  A shadow imp (D:6)
  2 white imps (D:6)
  An ooze (D:2)
  2 adder skeletons
  5 worms
  3 dart slugs
  7 leopard geckos
  9 orcs
  7 giant cockroaches
  12 hobgoblins
  23 jackals
  18 kobolds
  6 quokkas
  5 bats
  6 frilled lizards
  9 goblins
  A leopard gecko skeleton (D:6)
  9 rats
175 creatures vanquished.

Notes
Turn   | Place    | Note
-------+----------+-------------------------------------------
     0 | D:1      | marklar909 the Draconian Earth Elementalist began the quest
                  | for the Orb.
     0 | D:1      | Reached XP level 1. HP: 14/14 MP: 3/3
   303 | D:1      | Reached XP level 2. HP: 20/20 MP: 1/5
   844 | D:1      | Reached XP level 3. HP: 23/26 MP: 6/6
  1698 | D:2      | Reached skill level 1 in Maces & Flails
  2110 | D:2      | Found a shimmering altar of Xom.
  2111 | D:2      | Found a shimmering altar of Xom.
  2111 | D:2      | Found a shimmering altar of Xom.
  2122 | D:2      | Found a shimmering altar of Xom.
  2144 | D:2      | Reached XP level 4. HP: 27/33 MP: 4/7
  2548 | D:2      | Learned a level 3 spell: Stone Arrow
  2553 | D:2      | Learned a level 4 spell: Petrify
  3198 | D:2      | Reached skill level 1 in Fighting
  3378 | D:3      | Reached XP level 5. HP: 32/40 MP: 9/9
  3534 | D:3      | Found a broken altar of Ashenzari.
  3535 | D:3      | Found a glowing golden altar of the Shining One.
  3681 | D:3      | Found an ancient bone altar of Kikubaaqudgha.
  3681 | D:3      | Found a hazy altar of Hepliaklqana.
  3947 | D:4      | Noticed an ogre
  4106 | D:4      | Killed an ogre
  4106 | D:4      | Reached skill level 4 in Earth Magic
  4106 | D:4      | Reached XP level 6. HP: 19/47 MP: 1/10
  4330 | D:4      | Reached skill level 1 in Conjurations
  4779 | D:4      | Noticed a water moccasin
  4787 | D:4      | Killed a water moccasin
  4854 | D:4      | Your scales start taking on a lurid green colour.
  4854 | D:4      | Reached XP level 7. HP: 41/55 MP: 3/12
  4854 | D:4      | Gained mutation: Your system is resistant to poisons.
                  | (rPois) [Green Draconian growth]
  5138 | D:5      | Entered Level 5 of the Dungeon
  5408 | D:5      | Found a transporter.
  5415 | D:5      | Reached skill level 5 in Earth Magic
  5497 | D:5      | Noticed Spectrina's ghost (weakling DgDe)
  5499 | D:5      | Found a transporter.
  5639 | D:5      | Reached XP level 8. HP: 63/63 MP: 10/14
  5799 | D:5      | Reached skill level 5 in Spellcasting
  6055 | D:5      | Found Liusina's Jewellery Emporium.
  6072 | D:5      | Learned a level 5 spell: Lee's Rapid Deconstruction
  6423 | D:5      | Found a bloodstained altar of Trog.
  6568 | D:5      | Upgraded the game from 0.26-a0-778-g3fe0686644 to
                  | 0.26-a0-810-ge1a9524b62
  7996 | D:6      | Reached XP level 9. HP: 60/71 MP: 5/17
  8404 | D:7      | Found a flagged portal.
  8472 | D:7      | Reached skill level 6 in Earth Magic
  8556 | Bailey   | Entered a bailey
  8561 | Bailey   | Noticed an orc warlord
  8950 | Bailey   | Slain by an orc warrior

Illustrated notes

Levels and vault maps discovered:
D:1:      dpeg_arrival_long_road, layout_rooms
D:2:      kb_forest_paths, layout_basic, xom_redecorated, serial_glass,
          glass_columns_b, glass_columns_a
D:3:      layout_rooms, nicolae_overflow_hidden_temple
D:4:      minmay_skewed_foursquare, layout_basic, item_on_display_a
D:5:      layout_basic, trog_eyes_of_draining, serial_shops, shop,
          gammafunk_ghost_arena, hangedman_decor_clover_reticule
D:6:      layout_loops_cross
D:7:      layout_cave_pods, lemuel_coloured_pillars_altar,
          minmay_temple_entry_glassed_door, enter_bailey_8,
          kennysheep_generic_room_3
Bailey:   bailey_axe_bossmonster_kennysheep, bailey

Skill      XL: |  1  2  3  4  5  6  7  8  9 |
---------------+----------------------------+-----
Dodging        | 2 3 4 |  4.5
Stealth        | 2 3 |  3.0
Maces & Flails | 1 2 4 |  4.1
Fighting       | 1 2 3 4 |  4.2
Spellcasting   | 3 4 5 |  5.7
Earth Magic    | 4 5 6 |  6.0
Conjurations   | 1 2 3 4 |  4.0
Transmutations | |  1.6

Action                   |  1- 3 |  4- 6 |  7- 9 || total
-------------------------+-------+-------+-------++-------
Melee: Unarmed           |     8 |       |       ||     8
       Whip              |   143 |    86 |   156 ||   385
       Tailslap          |    10 |     4 |    20 ||    34
 Cast: Sandblast         |    24 |    67 |    81 ||   172
       Stone Arrow       |       |     5 |    84 ||    89
 Abil: Breathe Noxious F |       |       |     7 ||     7
  Use: Scroll            |       |       |     8 ||     8
 Stab: Sleeping          |     2 |     4 |       ||     6
Armor: Skin              |    74 |    34 |    32 ||   140
Dodge: Dodged            |   157 |    96 |   159 ||   412

Table legend: (Time is in decaauts)
 A = Elapsed time spent in this place.
 B = Non-inter-level travel time spent in this place.
 C = Inter-level travel time spent in this place.
 D = Time resting spent in this place.
 E = Time spent auto-exploring this place.
 F = Levels seen in this place.
 G = Mean time per level.
                   A        B        C        D        E       F      G
               +--------+--------+--------+--------+--------+-----+--------+
         Total |   8951 |   8734 |    217 |   1540 |   5738 |   8 | 1118.9 |
       Dungeon |   8561 |   8344 |    217 |   1443 |   5565 |   7 | 1223.0 |
        Bailey |    390 |    390 |      0 |     97 |    173 |   1 |  390.0 |
               +--------+--------+--------+--------+--------+-----+--------+

Top non-repeatable levels by time:
     D:1: 1756 daAuts
     D:2: 1578 daAuts
     D:6: 1478 daAuts
     D:5: 1434 daAuts
     D:4: 1302 daAuts
     D:3: 653 daAuts
  Bailey: 390 daAuts
     D:7: 357 daAuts
